 Dungeon Crawl Stone Soup version 0.24-a0-537-g2d01d4a (webtiles) character file.

Game seed: 12352513533532985666

31829 Gunnerkreig the Nimble (level 13, -1/92 HPs)
             Began as an Octopode Wizard on Aug 13, 2019.
             Was a High Priest of Vehumet.
             Slain by a water moccasin (2 damage)
             ... on level 5 of the Lair of Beasts.
             The game lasted 01:18:42 (21250 turns).

Gunnerkreig the Nimble (Octopode Wizard)           Turns: 21250, Time: 01:18:42

Health: -1/92      AC:  3    Str: 11    XL:     13   Next: 60%
Magic:  5/27       EV: 24    Int: 29    God:    Vehumet [*****.]
Gold:   89         SH:  0    Dex: 12    Spells: 7/32 levels left

rFire    + + .     SeeInvis .   v - +4 flail (protect)
rCold    . . .     Gourm    .   (no shield)
rNeg     . . .     Faith    .   Q - +2 hat
rPois    +         Spirit   .   m - amulet of magic regeneration
rElec    .         Reflect  .   b - ring of protection from fire
rCorr    .         Harm     .   f - ring of protection from fire
MR       .....                  x - ring "Onluno Hida" {rPois Str+3 Int+5 Slay+3}
Stlth    +++++.....             B - +5 ring of evasion
HPRegen  0.25/turn              F - +2 ring of strength
MPRegen  0.45/turn              (no ring)
                                (no ring)
                                (no ring)

@: hasted and slowed
A: almost no armour, stealthy swim, amphibious, 8 rings, constrict 8, camouflage
1, gelatinous body 1
a: Renounce Religion


You were on level 5 of the Lair of Beasts.
You worshipped Vehumet.
Vehumet was extremely pleased with you.
You were not hungry.

You visited 3 branches of the dungeon, and saw 17 of its levels.

You collected 883 gold pieces.
You spent 794 gold pieces at shops.

Inventory:

Hand Weapons
 h - a +2 whip of draining
 j - a +0 trident
 v - a +4 flail of protection (weapon)
 M - a +0 scimitar
 N - the cursed +1 war axe of Regicide {venom, rElec SInv}
   (You found it on level 10 of the Dungeon)

   It poisons the flesh of those it strikes.
   It insulates you from electricity.
   It lets you see invisible.
   It has a curse placed upon it.
Missiles
 q - 65 poisoned darts (quivered)
 r - 3 throwing nets
 y - 7 silver javelins
 E - 2 boomerangs
 R - 5 atropa-tipped darts
Armour
 Q - a +2 hat (worn)
Jewellery
 b - a ring of protection from fire (left tentacle)
 f - a ring of protection from fire (right tentacle)
 m - an amulet of magic regeneration (around mantle)
 w - an uncursed ring of ice
 x - the ring "Onluno Hida" (on tentacle) {rPois Str+3 Int+5 Slay+3}
   (You found it on level 6 of the Dungeon)

   [ring of poison resistance]

   It affects your strength (+3).
   It affects your intelligence (+5).
   It affects your accuracy and damage with ranged weapons and melee attacks
   (+3).
   It protects you from poison.
 B - a +5 ring of evasion (on tentacle)
 F - a +2 ring of strength (on tentacle)
Wands
 e - a wand of flame (20)
 p - a wand of digging (10)
 t - a wand of disintegration (46)
 u - a wand of paralysis (45)
 H - a wand of polymorph (7)
 L - a wand of iceblast (9)
 P - a wand of clouds (4)
Scrolls
 n - a scroll of fear
 s - 6 scrolls of teleportation
 z - a scroll of amnesia
 C - 7 scrolls of remove curse
 G - a scroll of magic mapping
 I - 7 scrolls of enchant armour
 O - a scroll of identify
 T - a scroll of enchant weapon {unknown}
Potions
 a - 3 potions of heal wounds
 d - 2 potions of ambrosia
 g - 7 potions of curing
 i - 4 potions of lignification
 k - 2 potions of flight
 l - 4 potions of haste
 o - 2 potions of brilliance
 A - 2 potions of might
 D - 3 potions of resistance
 J - a potion of agility {unknown}
 K - 2 potions of magic
Miscellaneous
 S - a phantom mirror
Comestibles
 c - 20 rations


   Skills:
 + Level 10.2 Fighting
 - Level 3.0 Maces & Flails
 - Level 2.0 Throwing
 + Level 10.4 Dodging
 - Level 8.0 Stealth
 - Level 10.0 Spellcasting
 - Level 8.0 Conjurations
 + Level 3.3 Summonings
 - Level 2.0 Translocations
 - Level 7.5 Fire Magic
 - Level 5.0 Air Magic
 - Level 1.2 Poison Magic
 - Level 3.0 Evocations


You had 7 spell levels left.
You knew the following spells:

 Your Spells              Type           Power        Failure   Level  Hunger
a - Magic Dart            Conj           ####         1%          1    None
b - Conjure Flame         Conj/Fire      ######..     1%          3    None
c - Mephitic Cloud        Conj/Pois/Air  #####...     1%          3    None
d - Sticky Flame          Conj/Fire      ######..     1%          4    None
f - Shock                 Conj/Air       ####         1%          1    None
r - Fireball              Conj/Fire      ######....   1%          5    ###....
v - Summon Lightning Spi  Summ/Air       #####...     7%          4    None
w - Call Imp              Summ           ####....     1%          2    None
y - Blink                 Tloc           N/A          2%          2    None

Your spell library contained the following spells:

 Spells                   Type           Power        Failure   Level  Hunger
 Iskenderun's Mystic Bla  Conj           ######..     1%          4    None
 Flame Tongue             Conj/Fire      #####        1%          1    None
 Sandblast                Erth           ##....       1%          1    None
 Summon Small Mammal      Summ           ####         1%          1    None
 Swiftness                Chrm/Air       ####....     1%          2    None
 Throw Flame              Conj/Fire      ######       1%          2    None
 Inner Flame              Hex/Fire       #####...     1%          3    None
 Static Discharge         Conj/Air       ######..     1%          3    None
 Stone Arrow              Conj/Erth      #####.       1%          3    None
 Airstrike                Air            #####.....   1%          4    None
 Lightning Bolt           Conj/Air       ######....   1%          5    ###....
 Call Canine Familiar     Summ           ####....     2%          3    None
 Passwall                 Tmut/Erth      ##......     5%          2    None
 Slow                     Hex            ##......     5%          2    None
 Summon Guardian Golem    Hex/Summ       ###.....     5%          3    None
 Summon Ice Beast         Ice/Summ       ###.....     19%         4    None
 Lee's Rapid Deconstruct  Erth           ##........   26%         5    ###....
 Petrify                  Tmut/Erth      ##......     36%         4    None


Dungeon Overview and Level Annotations

Branches:
Dungeon (11/15)            Temple (1/1) D:4            Lair (5/6) D:11
  Swamp (0/4) Lair:4       Spider (0/4) Lair:3
  Slime: Lair:5-6       Orc: D:9-12

Altars:
Ashenzari
Cheibriados
Dithmenos
Elyvilon
Fedhas
Gozag
Hepliaklqana
Kikubaaqudgha
Makhleb
Nemelex Xobeh
Okawaru
Qazlal
Ru
Sif Muna
Trog
Uskayaw
Vehumet
Wu Jian
Xom
Yredelemnul
Zin
The Shining One

Shops:
D:8 %:*%!

Annotations:
Lair:2 vault with great shit, high lvl monsters, exclusion: downstairs, blexxed's ghost, journeyman NaBe


Innate Abilities, Weirdness & Mutations

You cannot wear most types of armour.
You are very stealthy in the water. (Stealth+)
You are amphibious.
You can wear up to eight rings at the same time.
You can use your tentacles to constrict eight enemies at once.
Your skin changes colour to match your surroundings (Stealth+).
Your rubbery body absorbs attacks. (AC +1, EV +1)


Message History

The elephant is engulfed in noxious fumes.
The elephant appears confused.
The elephant is engulfed in noxious fumes.
The elephant appears confused.
The elephant barely misses you. The elephant misses you.
The death yak is engulfed in noxious fumes.
The death yak completely misses you.
The elephant tramples the elephant.
The elephant holds its ground!
The elephant trunk-slaps the elephant but does no damage.
The death yak is engulfed in noxious fumes.
The elephant is engulfed in noxious fumes.
The elephant appears confused.
The elephant misses you. The elephant completely misses you.
The elephant tramples the torpor snail.
The torpor snail stumbles backwards!
Okay, then.
You feel yourself speed up. The death yak gores you!!
* * * LOW HITPOINT WARNING * * *
The elephant misses you. The elephant closely misses you.
The death yak barely misses you. The water moccasin bites you.
You die...

### ### ### ####.##### ##.#
###.#####
.#.†#†...###P.###.......##P
...÷.............Y°........
?..<........<...@YY........
...............(S○l.w......
........%..†......$........
...!.......................
.....Y................?....
.....?..[.....§............
##....#.#..P.#.§P#.#..##...
###.#...############..#P#.
###### ###


You could see a death yak, 2 elephants, a torpor snail, a komodo dragon and a
water moccasin.

Vanquished Creatures
  2 hydras
  2 catoblepae
  A fire crab (Lair:4)
  5 skeletal warriors (D:11)
  An orb spider (Lair:3)
  A manticore (D:11)
  An ugly thing (D:10)
  Maurice (D:11)
  8 elephants
  3 centaur zombies
  3 black mambas
  6 komodo dragons
  9 spiny frogs
  A queen bee (D:10)
  3 polar bears
  10 blink frogs
  2 trolls
  6 slime creatures
  5 hippogriffs
  12 yaks
  2 basilisks
  3 wyverns
  A hungry ghost (D:11)
  Edmund (D:5)
  5 water moccasins
  11 porcupines
  A black bear (Lair:4)
  2 orc warriors
  2 ice beasts
  A sky beast (D:5)
  3 phantoms
  7 ogres
  10 centaurs
  7 crocodiles
  13 bullfrogs
  A big kobold (D:10)
  2 gnoll sergeants
  A wyvern zombie (D:11)
  3 scorpions
  3 wights (D:6)
  12 killer bees (D:10)
  8 howler monkeys
  2 crimson imps
  2 bullfrog zombies
  5 hounds
  7 orc wizards
  6 jellies
  5 orc priests
  2 bullfrog skeletons (D:6)
  3 centaur skeletons
  8 iguanas
  6 worker ants
  2 worker ant zombies
  15 gnolls
  A howler monkey skeleton (D:5)
  9 adders
  A shadow imp (D:5)
  An ooze (D:1)
  An adder skeleton (D:6)
  5 worms
  6 dart slugs
  7 leopard geckos
  31 orcs
  8 bats
  8 giant cockroaches
  12 goblins
  11 hobgoblins
  10 jackals
  8 kobolds
  5 quokkas
  3 ball pythons
  6 frilled lizards
  2 jackal skeletons
  A quokka skeleton (D:6)
  A quokka zombie (D:5)
  2 rats (D:1)
  A bush (D:1)
  3 fungi
  2 plants (D:1)
389 creatures vanquished.

Vanquished Creatures (collateral kills)
  2 killer bees (D:10)
2 creatures vanquished.

Vanquished Creatures (others)
  A bush (Lair:4)
  22 fungi
  23 plants
46 creatures vanquished.

Grand Total: 437 creatures vanquished

Notes
Turn   | Place    | Note
-------+----------+-------------------------------------------
     0 | D:1      | Gunnerkreig the Octopode Wizard began the quest for the
                  | Orb.
     0 | D:1      | Reached XP level 1. HP: 11/11 MP: 4/4
   141 | D:1      | Reached XP level 2. HP: 18/18 MP: 0/6
   522 | D:1      | Reached skill level 1 in Fighting
   808 | D:1      | Reached XP level 3. HP: 20/23 MP: 1/7
  2377 | D:2      | Reached XP level 4. HP: 28/28 MP: 2/9
  3698 | D:2      | Learned a level 3 spell: Conjure Flame
  3702 | D:2      | Learned a level 3 spell: Mephitic Cloud
  3705 | D:2      | Learned a level 2 spell: Call Imp
  3720 | D:3      | Noticed a hippogriff
  4285 | D:3      | Reached XP level 5. HP: 31/34 MP: 8/10
  4514 | D:3      | Killed a hippogriff
  4514 | D:3      | Reached skill level 5 in Stealth
  4514 | D:3      | Reached XP level 6. HP: 19/41 MP: 4/12
  5150 | D:3      | Learned a level 2 spell: Blink
  5805 | D:4      | Reached XP level 7. HP: 34/46 MP: 2/13
  6195 | D:4      | Reached skill level 5 in Spellcasting
  6466 | D:4      | Found a bloodstained altar of Trog.
  6548 | D:4      | Found a staircase to the Ecumenical Temple.
  6751 | D:4      | Reached skill level 1 in Air Magic
  6751 | D:4      | Reached skill level 1 in Poison Magic
  6751 | D:4      | Reached XP level 8. HP: 34/54 MP: 6/15
  6948 | Temple   | Entered the Ecumenical Temple
  6976 | Temple   | Became a worshipper of Vehumet
  7281 | D:5      | Entered Level 5 of the Dungeon
  7324 | D:5      | Reached skill level 1 in Fire Magic
  7568 | D:5      | Reached skill level 1 in Throwing
  7736 | D:5      | Noticed a troll
  7756 | D:5      | Killed a troll
  7756 | D:5      | Reached skill level 5 in Conjurations
  8072 | D:5      | Reached XP level 9. HP: 50/59 MP: 16/16
  8147 | D:5      | Noticed Edmund
  8181 | D:5      | Killed Edmund
  8583 | D:5      | Found a shattered altar of Ashenzari.
  8767 | D:5      | Reached * piety under Vehumet
  8767 | D:5      | Offered knowledge of Sandblast by Vehumet.
  8999 | D:6      | Reached skill level 1 in Maces & Flails
  9400 | D:6      | Got a pitted silver ring
  9401 | D:6      | Identified the ring "Onluno Hida" {rPois Str+3 Int+5
                  | Slay+3} (You found it on level 6 of the Dungeon)
  9497 | D:6      | Reached skill level 5 in Fighting
  9768 | D:6      | Identified a scroll of acquirement
  9772 | D:6      | Learned a level 1 spell: Shock
 10201 | D:7      | Found a burning altar of Makhleb.
 10270 | D:7      | Reached skill level 1 in Evocations
 10409 | D:7      | Offered knowledge of Sting by Vehumet.
 10439 | D:7      | Reached ** piety under Vehumet
 10515 | D:7      | Found a basalt altar of Yredelemnul.
 10764 | D:8      | Reached skill level 5 in Dodging
 10772 | D:8      | Reached XP level 10. HP: 61/66 MP: 11/19
 10773 | D:8      | Found Ikuke's Food Shop.
 10822 | D:8      | Found an ancient bone altar of Kikubaaqudgha.
 11210 | D:8      | Found Ruistreus's Food Shoppe.
 11263 | D:8      | Found a basalt altar of Yredelemnul.
 11316 | D:8      | Found a white marble altar of Elyvilon.
 11335 | D:8      | Found Woidapp's Distillery.
 11349 | D:8      | Found Wamn's General Store.
 11381 | D:8      | Found Odos's Book Boutique.
 11713 | D:9      | Found a hide-covered altar of Uskayaw.
 11720 | D:9      | Found a bloodstained altar of Trog.
 11725 | D:9      | Found a blossoming altar of Fedhas.
 11739 | D:9      | Found a stormy altar of Qazlal.
 11746 | D:9      | Found an ancient bone altar of Kikubaaqudgha.
 11751 | D:9      | Found a shadowy altar of Dithmenos.
 11873 | D:9      | Found an opulent altar of Gozag.
 12076 | D:9      | Found a hazy altar of Hepliaklqana.
 12413 | D:8      | Bought a book of Flames for 490 gold pieces
 12657 | D:10     | Entered Level 10 of the Dungeon
 12922 | D:10     | Offered knowledge of Throw Frost by Vehumet.
 12935 | D:10     | Reached *** piety under Vehumet
 13054 | D:10     | Reached XP level 11. HP: 74/74 MP: 21/21
 13238 | D:10     | Offered knowledge of Dazzling Spray by Vehumet.
 13400 | D:10     | Got a dazzling war axe
 13401 | D:10     | Identified the cursed +1 war axe of Regicide {venom, rElec
                  | SInv} (You found it on level 10 of the Dungeon)
 13432 | D:10     | Noticed a red ugly thing
 13452 | D:10     | Killed a red ugly thing
 13782 | D:11     | Got a flickering copper amulet
 13806 | D:11     | Identified the amulet of the Little Devil {Spirit Str-4
                  | Dex+4} (You found it on level 11 of the Dungeon)
 13825 | D:11     | Learned a level 4 spell: Sticky Flame
 13831 | D:11     | Learned a level 5 spell: Fireball
 14067 | D:11     | Found a hide-covered altar of Uskayaw.
 14086 | D:11     | Found a staircase to the Lair.
 14087 | D:11     | Noticed a manticore
 14094 | D:11     | Killed a manticore
 14158 | D:11     | Reached **** piety under Vehumet
 14305 | D:11     | Noticed Maurice
 14308 | D:11     | Noticed a skeletal warrior
 14312 | D:11     | Noticed a skeletal warrior
 14312 | D:11     | Noticed a skeletal warrior
 14316 | D:11     | Noticed a skeletal warrior
 14318 | D:11     | Noticed a skeletal warrior
 14332 | D:11     | Offered knowledge of Venom Bolt by Vehumet.
 14545 | D:11     | Killed Maurice
 14644 | D:11     | Reached skill level 5 in Fire Magic
 14777 | D:11     | Killed a skeletal warrior
 14852 | D:11     | Killed a skeletal warrior
 14970 | D:11     | Killed a skeletal warrior
 14970 | D:11     | Reached XP level 12. HP: 43/82 MP: 13/23
 15724 | Lair:1   | Entered Level 1 of the Lair of Beasts
 15724 | Lair:1   | Noticed a six-headed hydra
 15737 | Lair:1   | Killed a six-headed hydra
 17073 | Lair:2   | Found a runed translucent door.
 17075 | Lair:2   | Noticed blexxed's ghost (journeyman NaBe)
 17081 | Lair:2   | Identified the +7 trident of Might {freeze, MP+9 Str+2}
 17081 | Lair:2   | Noticed a spriggan rider
 17457 | D:8      | Bought 2 potions of heal wounds for 160 gold pieces
 17467 | D:8      | Bought a potion of curing for 48 gold pieces
 17467 | D:8      | Bought a potion of heal wounds for 80 gold pieces
 17787 | Lair:3   | Noticed a catoblepas
 18026 | Lair:3   | HP: 4/84 [catoblepas/blast of calcifying dust (3)]
 18891 | Lair:3   | Killed a catoblepas
 18982 | Lair:3   | Reached XP level 13. HP: 58/90 MP: 16/26
 19283 | Lair:3   | Found a hole to the Spider Nest.
 19575 | D:8      | Bought a potion of degeneration for 16 gold pieces
 20113 | Lair:4   | Reached skill level 10 in Dodging
 20250 | Lair:4   | Found a staircase to the Swamp.
 20470 | Lair:4   | Learned a level 4 spell: Summon Lightning Spire
 20632 | Lair:4   | Reached skill level 10 in Fighting
 21045 | Lair:5   | Reached ***** piety under Vehumet
 21074 | Lair:5   | Offered knowledge of Iskenderun's Mystic Blast by Vehumet.
 21243 | Lair:5   | Reached skill level 10 in Spellcasting
 21243 | Lair:5   | Reached skill level 5 in Air Magic
 21250 | Lair:5   | HP: 1/92 [death yak[a torpor snail] (27)]
 21250 | Lair:5   | Slain by a water moccasin

Levels and vault maps discovered:
D:1:      roderic_crossed_star, layout_loops_ring, serial_forest,
          infiniplex_forest_end_2, infiniplex_forest_end_1,
          infiniplex_forest_fountain, infiniplex_forest_zigzag_2,
          infiniplex_forest_lined_3, infiniplex_forest_lined_4_way,
          infiniplex_forest_split, infiniplex_forest_fountain,
          infiniplex_forest_clump_large, st_stairs_10, minmay_vboxes
D:2:      minmay_door_path, layout_basic, first_ration,
          chequers_serial_rivers_small_b
D:3:      layout_loops_corners, guppyfry_early_orc_mine
D:4:      layout_cave_pools, minmay_temple_entry_proselytizer,
          trog_hazing_becter
D:5:      layout_basic, lemuel_statue_altar, uniq_edmund
D:6:      layout_basic
D:7:      layout_basic, kennysheep_little_box, minivault_24,
          yredelemnul_altar_generic
D:8:      layout_basic, kennysheep_ying_yang, serial_shops, shop, shop, shop,
          shop, shop, basic_altar
D:9:      layout_loops_corners, grunt_temple_overflow_octagram, basic_altar
D:10:     layout_roguey, david_nohive_1
D:11:     layout_long_grid, due_lair_maze_entry_diamond, basic_altar,
          uniq_maurice
Temple:   minmay_temple_forest_path
Lair:1:   layout_layer_cave
Lair:2:   layout_chaotic_city, ebering_ghost_funeral_grove
Lair:3:   layout_chaotic_city, nicolae_spider_entry_orb_guardian, minivault_11,
          chequers_serial_rivers_small_b, grunt_megastairs_5
Lair:4:   layout_regular_city, minmay_swamp_entry_reptiles,
          grunt_forest_small_clearing_treed, grunt_megastairs_3
Lair:5:   layout_big_grid

Skill      XL: |  1  2  3  4  5  6  7  8  9 10 11 12 13 |
---------------+----------------------------------------+-----
Stealth        | 3 4 5 7 8 |  8.0
Fighting       | 1 2 3 4 5 6 7 9 10 | 10.2
Conjurations   | 2 3 4 5 6 8 |  8.0
Spellcasting   | 4 5 6 7 9 10 | 10.0
Air Magic      | 1 3 4 5 |  5.0
Poison Magic   | 1 |  1.2
Fire Magic     | 2 3 5 7 |  7.5
Throwing       | 2 |  2.0
Summonings     | 2 3 |  3.3
Translocations | 2 |  2.0
Dodging        | 3 5 7 8 9 10 | 10.4
Maces & Flails | 2 3 |  3.0
Evocations     | 2 3 |  3.0

Action                   |  1- 3 |  4- 6 |  7- 9 | 10-12 | 13-15 || total
-------------------------+-------+-------+-------+-------+-------++-------
Melee: Unarmed           |    71 |       |       |       |       ||    71
       Tentacles         |    95 |    10 |    18 |    29 |     7 ||   159
       Constrict         |    11 |    24 |    22 |    30 |    14 ||   101
       Dagger            |   351 |    37 |       |       |       ||   388
       Hand axe          |       |    35 |       |       |       ||    35
       Whip              |       |    11 |    65 |       |       ||    76
       Flail             |       |       |    46 |   171 |    49 ||   266
Throw: Dart              |       |     5 |    12 |       |     5 ||    22
       Javelin           |       |       |       |     2 |       ||     2
 Cast: Magic Dart        |    70 |   109 |   217 |     9 |       ||   405
       Conjure Flame     |       |     5 |    24 |    80 |    35 ||   144
       Mephitic Cloud    |       |     4 |    24 |    27 |    12 ||    67
       Call Imp          |       |       |     6 |       |       ||     6
       Blink             |       |       |     4 |     8 |     3 ||    15
       Shock             |       |       |    55 |   376 |   127 ||   558
       Sticky Flame      |       |       |       |    31 |    25 ||    56
       Fireball          |       |       |       |    19 |    12 ||    31
  Use: Scroll            |     3 |     1 |    14 |     9 |     2 ||    29
       Potion            |       |     2 |       |     4 |     1 ||     7
 Stab: Sleeping          |       |     2 |       |       |       ||     2
       Confused          |       |     1 |     2 |     8 |     2 ||    13
  Eat: Chunk             |     2 |    11 |    16 |    15 |     6 ||    50
       Ration            |     1 |       |       |     4 |     1 ||     6
Armor: Skin              |     2 |     4 |    18 |    29 |     7 ||    60
Dodge: Dodged            |    26 |    57 |    70 |   198 |   105 ||   456

Table legend:
 A = Non-vault XP
 B = Vault XP
 C = Vault XP percentage of total XP
 D = Non-vault monster count
 E = Vault monster count
 F = Vault count percentage of total count
                 A         B        C        D         E       F
            +---------+---------+-------+---------+---------+-------
      Total |   39393 |    6077 |  13.4 |     332 |      53 |  13.8
            +---------+---------+-------+---------+---------+-------
        D:1 |      53 |       8 |  13.1 |      25 |       6 |  19.4
        D:2 |      62 |       0 |   0.0 |      20 |       0 |   0.0
        D:3 |     432 |      16 |   3.6 |      27 |       7 |  20.6
        D:4 |     631 |      52 |   7.6 |      17 |       7 |  29.2
        D:5 |    1210 |     169 |  12.3 |      24 |       1 |   4.0
        D:6 |    1016 |       0 |   0.0 |      29 |       0 |   0.0
        D:7 |     858 |       0 |   0.0 |      10 |       0 |   0.0
        D:8 |    1978 |       0 |   0.0 |      19 |       0 |   0.0
        D:9 |    1173 |       0 |   0.0 |      13 |       0 |   0.0
       D:10 |    1776 |    1018 |  36.4 |      28 |      15 |  34.9
       D:11 |    8368 |    1355 |  13.9 |      44 |       8 |  15.4
     Lair:1 |    3753 |       0 |   0.0 |      14 |       0 |   0.0
     Lair:2 |    1876 |       0 |   0.0 |       9 |       0 |   0.0
     Lair:3 |    6418 |    1541 |  19.4 |      22 |       2 |   8.3
     Lair:4 |    4571 |    1918 |  29.6 |      16 |       7 |  30.4
     Lair:5 |    5218 |       0 |   0.0 |      15 |       0 |   0.0
            +---------+---------+-------+---------+---------+-------
